 Dungeon Crawl Stone Soup version bcrawl-1.28.1b (webtiles) character file.

Game seed: 12444863576263914950

112712 Morbidden the Ducker (level 2, -1/18 HPs)
             Began as a Fairy Archaeologist on Dec 26, 2020.
             Slain by a goblin
             ... wielding a +0 dagger
              (4 damage)
             ... on level 2 of the Dungeon.
             The game lasted 00:00:38 (684 turns).

Morbidden the Ducker (Fairy Archaeologist)           Turns: 684, Time: 00:00:38

Health: -1/18      AC:  6    Str:  9    XL:     2   Next: 91%
Magic:  5/5        EV: 17    Int: 17    God:
Gold:   31         SH:  3    Dex: 10    Spells: 2/2 levels left

rFire    . . .     SeeInvis .   a - +0 whip
rCold    . . .     Gourm    .   (shield restricted)
rNeg     . . .     Faith    .   (armour unavailable)
rPois    .         Spirit   .   b - +1 hat
rElec    .         Reflect  .   (no cloak)
rCorr    .         Harm     .   (no gloves)
MR       .....                  c - +1 pair of boots
Stlth    +.........             (no amulet)
HPRegen  0.06/turn              (no ring)
MPRegen  0.09/turn              (no ring)

@: flying evasively
A: small, magic attunement, unstealthy, unfitting armour, able to fly, AC/SH +3
a: Stop Flying


You were on level 2 of the Dungeon.
You were hungry.

You visited 1 branch of the dungeon, and saw 2 of its levels.

You collected 31 gold pieces.

Inventory:

Hand Weapons
 a - a +0 whip (weapon)
Armour
 b - a +1 hat (worn)
 c - a +1 pair of boots (worn)
Jewellery
 g - an uncursed ring of magical power {unknown}
Scrolls
 d - a scroll of magic mapping
Potions
 h - a potion of curing {unknown}
 i - a potion of resistance {unknown}
 k - a potion of cancellation {unknown}
Miscellaneous
 f - a dusty tome
Comestibles
 e - 2 rations {!d}
 j - 5 chunks of flesh


   Skills:
 * Level 1.0 Fighting
 + Level 0.9 Maces & Flails
 * Level 4.7 Dodging
 + Level 2.6 Stealth
 * Level 0.7 Spellcasting


You had 2 spell levels left.
You didn't know any spells.
Your spell library was empty.

Dungeon Overview and Level Annotations

Branches:
Dungeon (2/12)

Altars:

Annotations:
D:2 Sigmund


Innate Abilities, Weirdness & Mutations

Your spells do not cause hunger and MP costs are reduced by 1.
Your bright wings attract enemies. (Stealth-)
You cannot fit into any form of body armour.
Your shimmering scales are hard and can block incoming attacks. (AC +3, SH +3)
You are small and have problems with some larger weapons.
You can fly continuously.


Message History

You kill the jackal!
The jackal bites you.
* * * LOW HITPOINT WARNING * * *
The jackal misses you. You block the jackal's attack.
The jackal bites you but does no damage.
The jackal bites you but does no damage.
You see here a jackal corpse.
Found a stone staircase leading up.
The jackal bites you but does no damage.
A goblin comes into view. It is wielding a +0 dagger.
The jackal bites you but does no damage.
A worm comes into view.
A hobgoblin and a kobold come into view.
The kobold is wielding a +2 dagger of flaming.
The kobold shouts!
The goblin barely misses you.
The jackal bites you but does no damage.
You block the goblin's attack. The goblin hits you with a +0 dagger.
You die...

#........# ##...... .
#........# ##.......
.##........# #.......#
#.#...<....# .
#.......###..........##.
#....w.g#...#...........
.................^(.....
........g.?.######....#.
.......@hhhh....†.......
#.....K.##..#####.......
........#...#.....[.####
........#.....###..##
........#...... ..##
..........###.....#
<...$.h... ...##.
.#....#... .... . ...) .


You could see a worm, 5 jackals, a hobgoblin, a goblin and a kobold.

Vanquished Creatures
  4 leopard geckos (D:1)
  A bat (D:1)
  2 giant cockroaches (D:1)
  A goblin (D:1)
  A hobgoblin (D:1)
  2 jackals (D:2)
  A quokka (D:1)
  A ball python (D:1)
  A frilled lizard (D:1)
  A kobold (D:1)
  A rat (D:1)
16 creatures vanquished.

Notes
Turn   | Place    | Note
-------+----------+-------------------------------------------
     0 | D:1      | Morbidden the Fairy Archaeologist began the quest for the
                  | Orb.
     0 | D:1      | Reached XP level 1. HP: 12/12 MP: 3/3
   138 | D:1      | Reached skill level 1 in Fighting
   214 | D:1      | Reached XP level 2. HP: 12/18 MP: 4/4
   671 | D:2      | Noticed Sigmund
   684 | D:2      | Slain by a goblin

Skill      XL: |  1 |
---------------+----+-----
Fighting       | 1 |  1.0
Maces & Flails | |  0.9
Dodging        | |  4.7
Stealth        | |  2.6
Spellcasting   | |  0.7

Action                   || total
-------------------------++-------
Melee: Whip              ||    95
  Eat: Chunk             ||     1
Armor: Skin              ||    45
Dodge: Dodged            ||   139
Block: Other             ||    28
